 Dungeon Crawl Stone Soup version 0.31.0-9-g3a7656b989 (webtiles) character file.

Game seed: 1711791463313195848

216 qw the Shooter (level 5, -2/25 HPs)
             Began as a Spriggan Hunter on Feb 2, 2024.
             Slain by an orc
             ... wielding a +0 flail
              (9 damage)
             ... on level 3 of the Dungeon.
             The game lasted 00:00:05 (1535 turns).

qw the Shooter (Spriggan Hunter)                    Turns: 1535, Time: 00:00:05

Health: -2/25      AC:  2    Str:  7    XL:     5   Next: 61%
Magic:  6/6        EV: 19    Int: 11    God:
Gold:   114        SH:  0    Dex: 20    Spells: 4/4 levels left

rFire   . . .        a - +1 shortbow
rCold   . . .        (shield currently unavailable)
rNeg    . . .        c - +0 robe
rPois   .            (helmet restricted)
rElec   .            (no cloak)
rCorr   .            (gloves unavailable)
SInv    +            (boots unavailable)
Will    .....        (no amulet)
Stlth   ++           (no ring)
HPRegen 0.24/turn    (no ring)
MPRegen 0.10/turn

%: no passive effects
@: very quick
A: very small, no large weapons, unfitting armour, see invisible, speed 3
a: no special abilities


You were on level 3 of the Dungeon.
You visited 1 branch of the dungeon, and saw 3 of its levels.

You collected 114 gold pieces.


Innate Abilities, Weirdness & Mutations

You are very small and have problems with some larger weapons.
You are too small for most types of armour.
You have supernaturally acute eyesight. (SInv)
You cover ground extremely quickly. (Speed+++)


   Skills:
 - Level 1.5 Fighting
 - Level 6.5 Ranged Weapons
 + Level 4.1 Dodging
 - Level 1.5 Stealth


You had 4 spell levels left.
You didn't know any spells.
Your spell library was empty.

Inventory:

Hand Weapons
 a - a +1 shortbow (weapon)
Armour
 c - a +0 robe (worn)
Potions
 e - a potion of curing
 h - a potion of resistance

Dungeon Overview and Level Annotations

Branches:
Dungeon (3/15)

Altars:
Elyvilon


Message History

You shoot an arrow. The arrow hits the orc!
You kill the orc!
The orc throws a boomerang.
The boomerang hits you.
An orc comes into view. It is wielding a +0 hand axe.
You shoot an arrow. The orc shouts!
The arrow hits the kobold but does no damage.
You hear a shout!
An orc comes into view. It is wielding a +0 flail.
You shoot an arrow. The arrow barely misses the kobold.
The orc shouts!
The orc throws a boomerang.
The boomerang misses you.
You shoot an arrow. The arrow hits the kobold!
You kill the kobold!
The orc throws a boomerang.
The boomerang completely misses you.
You shoot an arrow. The arrow hits the orc.
The orc is severely wounded.
An orc comes into view. It is wielding a +0 flail.
You shoot an arrow.
The arrow hits the orc but does no damage.
The orc is severely wounded.
You shoot an arrow. The arrow closely misses the orc.
You shoot an arrow. The arrow closely misses the orc.
The arrow hits the orc!
You kill the orc!
The orc closely misses you. The orc hits you with a +0 hand axe.
The orc barely misses you. The orc hits you with a +0 hand axe.
You shoot an arrow. The arrow barely misses the orc.
The arrow closely misses the orc.
The orc hits you but does no damage. The orc hits you with a +0 hand axe.
You shoot an arrow. The arrow barely misses the orc.
The arrow hits the orc.
The orc is severely wounded.
The orc closely misses you. The orc completely misses you.
You shoot an arrow. The arrow hits the orc.
You kill the orc!
The orc barely misses you. The orc misses you.
You shoot an arrow.
The arrow hits the orc but does no damage.
The orc is severely wounded.
The orc barely misses you. The orc hits you with a +0 flail!
You die...

....)......#.............
.###.............#...#####
#......................
#...................###
......................#
###.###...............# #.
#...............#
##'###o........##....#
#)...)$@.##+##.##....#
#.....o.....##.......#
...).........+.........
.#+###...#####.......###
#...# #.####### #...# #.#
#...# #+# #...#


You could see 2 orcs.

Vanquished Creatures
  Sigmund (D:3)
  An adder (D:2)
  2 dart slugs
  3 orcs (D:3)
  3 bats
  6 endoplasms
  2 goblins
  2 hobgoblins (D:2)
  A quokka (D:2)
  5 ball pythons
  5 frilled lizards
  5 kobolds
  9 rats
45 creatures vanquished.

Notes
Turn   | Place    | Note
-------+----------+-------------------------------------------
     0 | D:1      | qw the Spriggan Hunter began the quest for the Orb.
     0 | D:1      | Reached XP level 1. HP: 10/10 MP: 2/2
     0 | D:1      | 0 ||| qw: Version: 0.3-a-155-g5e7d8dd
     0 | D:1      | 0 ||| qw: Game counter: 1818
     0 | D:1      | 0 ||| qw: Melee chars always use a shield: true
     0 | D:1      | 0 ||| qw: God list: Okawaru
     0 | D:1      | 0 ||| qw: Allow faded altars: false
     0 | D:1      | 0 ||| qw: Do Orc after clearing Dungeon:15 true
     0 | D:1      | 0 ||| qw: Do second Lair branch before Depths: true
     0 | D:1      | 0 ||| qw: Lair rune preference: random
     0 | D:1      | 0 ||| qw: Goals: Normal
     0 | D:1      | 0 ||| PLANNING D:1-11
    45 | D:1      | Reached skill level 3 in Dodging
   226 | D:1      | Reached XP level 2. HP: 14/14 MP: 3/3
   598 | D:1      | 598 ||| READING scroll labelled SITSIP JULOULL.
   599 | D:1      | 599 ||| READING scroll labelled POOLLO INAHAL.
   599 | D:1      | 599 ||| IDENTIFYING emerald potion
   600 | D:1      | 600 ||| READING scroll labelled ONUAKH NONAUF.
   603 | D:1      | 603 ||| READING scroll labelled LESEYR FANG.
   603 | D:1      | 603 ||| ENCHANTING +0 shortbow.
   604 | D:1      | 604 ||| DROPPING scroll of butterflies.
   640 | D:2      | 640 ||| STAIRDANCE
   781 | D:2      | Reached XP level 3. HP: 18/18 MP: 4/4
   830 | D:2      | Found a white marble altar of Elyvilon.
  1427 | D:2      | 1427 ||| READING scroll of identify.
  1427 | D:2      | 1427 ||| IDENTIFYING metallic puce potion
  1514 | D:3      | Noticed Sigmund
  1522 | D:3      | Killed Sigmund
  1523 | D:3      | Reached skill level 6 in Ranged Weapons
  1523 | D:3      | Reached XP level 4. HP: 13/22 MP: 5/5
  1523 | D:3      | Reached XP level 5. HP: 15/25 MP: 6/6
  1535 | D:3      | Slain by an orc

Levels and vault maps discovered:
D:1:      dpeg_arrival_pond, layout_basic
D:2:      layout_loops_corners, basic_altar
D:3:      minmay_chambers_of_twos, layout_basic, kennysheep_slug_shrine,
          uniq_sigmund, uniq_terence

Skill      XL: |  1  2  3 |
---------------+----------+-----
Dodging        | 3 4 |  4.1
Ranged Weapons | 6 |  6.5
Fighting       | |  1.5
Stealth        | |  1.5

Action                     |  1- 3 |  4- 6 || total
---------------------------+-------+-------++-------
   Fire: Shortbow          |    93 |    13 ||   106
    Use: Scroll            |     5 |       ||     5
 Armour: Robe              |     4 |     6 ||    10
  Dodge: Dodged            |    22 |     9 ||    31

Table legend:
 A = Non-vault XP
 B = Vault XP
 C = Vault XP percentage of total XP
 D = Non-vault monster count
 E = Vault monster count
 F = Vault count percentage of total count
                 A         B        C        D         E       F
            +---------+---------+-------+---------+---------+-------
      Total |      79 |     230 |  74.4 |      43 |       2 |   4.4
            +---------+---------+-------+---------+---------+-------
        D:1 |      18 |       0 |   0.0 |      13 |       0 |   0.0
        D:2 |      45 |       0 |   0.0 |      23 |       0 |   0.0
        D:3 |      16 |     230 |  93.5 |       7 |       2 |  22.2
            +---------+---------+-------+---------+---------+-------
